 Dungeon Crawl Stone Soup version 0.29.1-15-g9cfb28693d (webtiles) character file.

Game seed: 5192549082115892287

489 leafyfresh the Covert (level 7, -1/50 HPs)
             Began as an Octopode Delver on Mar 4, 2023.
             Was a Follower of Ashenzari.
             Killed by nerve-wracking pain
             ... invoked by Grinder
              (9 damage)
             ... on level 5 of the Dungeon.
             The game lasted 00:07:50 (4888 turns).

leafyfresh the Covert (Octopode Delver)             Turns: 4888, Time: 00:07:51

Health: -1/50      AC:  1    Str: 11    XL:     7   Next: 14%
Magic:  4/7        EV: 14    Int: 15    God:    Ashenzari [*.....]
Gold:   231        SH:  5    Dex: 13    Spells: 3/6 levels left

rFire   + . .      SeeInvis .   a - +0 short sword
rCold   . . .      Faith    .   (no shield)
rNeg    . . .      Spirit   .   (helmet restricted)
rPois   .          Reflect  +   l - amulet of reflection
rElec   .          Harm     .   j - ring "I Knew You'd Do That" {rF+, Elem, Comp} (curse)
rCorr   .          Rampage  .   q - ring of the Ensconced Negation {Will+, Self, Elem} (curse)
Will    +....                   (no ring)
Stlth   +++++.....              (no ring)
HPRegen 0.16/turn               (no ring)
MPRegen 0.10/turn               (no ring)
                                (no ring)
                                (no ring)

@: no status effects
A: almost no armour, amphibious, 8 rings, camouflage 1, gelatinous body 1,
(nimble swimmer 1), tentacles
a: Renounce Religion, Shatter the Chains


You were on level 5 of the Dungeon.
You worshipped Ashenzari.
Ashenzari was aware of your devotion.
You visited 2 branches of the dungeon, and saw 7 of its levels.

You collected 231 gold pieces.

Inventory:

Hand Weapons
 a - a +0 short sword (weapon)
Jewellery
 j - the cursed ring "I Knew You'd Do That" (left tentacle) {rF+, Elem, Comp}
   (You took it off a hobgoblin on level 4 of the Dungeon)

   [ring of protection from fire]

   rF:        It protects you from fire.
   It has a curse which improves the following skills: Elements: Fire Magic, Ice
   Magic, Air Magic and Earth Magic.
   Companions: Summonings and Necromancy.
 l - an amulet of reflection (around mantle)
 q - the cursed ring of the Ensconced Negation (right tentacle) {Will+, Self, Elem}
   (You found it on level 2 of the Dungeon)

   [ring of willpower]

   Will:      It increases your willpower.
   It has a curse which improves the following skills: Introspection: Fighting
   and Spellcasting.
   Elements:  Fire Magic, Ice Magic, Air Magic and Earth Magic.
Wands
 f - a wand of digging (3)
 s - a wand of flame (17)
Scrolls
 b - a scroll of fog
 c - a scroll of magic mapping
 g - 9 scrolls of identify
 h - 3 scrolls of butterflies
 i - 2 scrolls of amnesia
 k - a scroll of enchant armour
 m - a scroll of brand weapon
 p - a scroll of blinking
 r - a scroll of enchant weapon
Potions
 d - 4 potions of degeneration
 e - 6 potions of haste
 n - 4 potions of curing
 o - a potion of resistance
 t - a potion of ambrosia


   Skills:
 - Level 4.5(5.3) Fighting
 - Level 2.0 Short Blades
 - Level 3.8 Dodging
 - Level 8.2 Stealth
 + Level 4.0 Transmutations


You had 3 spell levels left.
You knew the following spells:

 Your Spells              Type           Power      Damage    Failure   Level
a - Spider Form           Tmut/Pois      6%         N/A       34%         3

Your spell library contained the following spells:

 Spells                   Type           Power      Damage    Failure   Level
 Ensorcelled Hibernation  Hex/Ice        0%         N/A       36%         2
 Anguish                  Hex/Necr       0%         N/A       95%         4


Dungeon Overview and Level Annotations

Branches:
Dungeon (6/15)             Temple (1/1) D:4

Altars:
Ashenzari
Cheibriados
Dithmenos
Elyvilon
Fedhas
Gozag
Kikubaaqudgha
Nemelex Xobeh
Okawaru
Qazlal
Ru
Sif Muna
Vehumet
Wu Jian
Xom
Yredelemnul

Shops:
D:1 :   D:4 !

Annotations:
D:5 Grinder
D:6 Dowan, Duvessa, Pikel


Innate Abilities, Weirdness & Mutations

You cannot wear most types of armour.
You are amphibious.
You can wear up to eight rings at the same time.
Your skin changes colour to match your surroundings (Stealth+).
Your rubbery body absorbs attacks. (AC +1, EV +1)
((You are camouflaged when in or above water. (Stealth+)))
You have tentacles for arms and can constrict up to eight enemies at once.


Message History

You feel sick.
You hear a shout!
Pikel completely misses you.
Duvessa gestures with her weapon.
Unknown command.
You hit Pikel but do no damage. Your grab misses Pikel.
Your squeeze misses Pikel.
Pikel is lightly wounded.
You feel sick.
A lemure comes into view.
Pikel hits you with a +0 whip of freezing.
Pikel freezes you.
Unknown command.
Pikel attacks as you move away!
Pikel hits you with a +0 whip of freezing!
* * * LOW HITPOINT WARNING * * *
Pikel freezes you.
* * * LOW HITPOINT WARNING * * *
You feel sick.
Pikel says, "Don't tell anyone, but I think Ereshkigal likes me."
Blink to where?
Press: ? - help, Dir - move target
As you read the scroll of blinking, it crumbles to dust.
You feel sick.
You are no longer poisoned.
There is a stone staircase leading up here.
You close the door.
You start resting.
Your magical contamination has completely faded away.
You start resting.
Pikel, Merchant of Souls opens the door.
He is wielding a +0 whip of freezing and carrying a wand of polymorph (5).
You climb upwards.
Level annotation: Grinder
There is a stone staircase leading down here.
Unknown command.
Grinder says, "Don't move a muscle."
Found 2 poisoned darts.
Grinder gestures at you. Pain shoots through your body!
You die...

## # . .. . #. ##.
..###.# #
....######.
#.###....(....
#.#...@#
#......#####
#..........# #
##...>.###.# .#
##.#..# .##.#
###.#5.###....#
.........#.#..##
###..#.........# #
# # .
##.##.#.##.#..##.#


You could see Grinder.

Vanquished Creatures
  Edmund (D:4)
  A centaur (D:3)
  A hound (D:3)
  An orc priest (D:4)
  A jelly (D:4)
  An orc wizard (D:4)
  9 adders
  2 worms
  3 dart slugs
  8 orcs
  6 ball pythons
  4 bats
  7 endoplasms
  3 giant cockroaches
  10 goblins
  8 hobgoblins
  3 jackals (D:2)
  4 kobolds
  4 quokkas
  6 frilled lizards
  4 rats
87 creatures vanquished.

Notes
Turn   | Place    | Note
-------+----------+-------------------------------------------
     0 | D:5      | leafyfresh the Octopode Delver began the quest for the Orb.
     0 | D:5      | Reached XP level 1. HP: 16/16 MP: 1/1
   195 | D:5      | Reached XP level 2. HP: 21/21 MP: 2/2
   205 | D:5      | Noticed an ice beast
   225 | D:4      | Reached skill level 7 in Stealth
   225 | D:4      | Reached XP level 3. HP: 26/26 MP: 3/3
   269 | D:4      | Found a staircase to the Ecumenical Temple.
   285 | Temple   | Entered the Ecumenical Temple
   330 | Temple   | Became a worshipper of Ashenzari the Shackled
   568 | D:4      | Reached XP level 4. HP: 29/33 MP: 4/4
   609 | D:4      | Found Seohudowk's Distillery.
  1390 | D:3      | Reached XP level 5. HP: 32/37 MP: 5/5
  1679 | D:3      | Noticed a centaur
  1689 | D:3      | Killed a centaur
  1690 | D:3      | Reached skill level 8 in Stealth
  1690 | D:3      | Reached XP level 6. HP: 25/44 MP: 6/6
  1695 | D:3      | Learned a level 3 spell: Spider Form
  1977 | D:2      | Found a shadowy altar of Dithmenos.
  2013 | D:2      | Found a faded altar of an unknown god.
  2138 | D:2      | Reached skill level 1 in Transmutations
  2893 | D:1      | Found Jagual's Book Shop.
  3461 | D:1      | Reached * piety under Ashenzari
  3623 | D:4      | Noticed Edmund
  3646 | D:4      | Killed Edmund
  3647 | D:4      | Reached XP level 7. HP: 50/50 MP: 7/7
  4210 | D:5      | Noticed Grinder
  4856 | D:6      | Noticed Duvessa
  4856 | D:6      | Noticed Dowan
  4863 | D:6      | Noticed Pikel
  4888 | D:5      | Killed from afar by Grinder

Illustrated notes

Levels and vault maps discovered:
D:1:      evilmike_arrival_plus, layout_loops_ring, serial_shops, shop_statue,
          kennysheep_doodads, grunt_decor_fettered
D:2:      layout_loops_ring, ebering_ecumenical_altar_webs, basic_altar,
          hangedman_abyss_or_decor_stabs
D:3:      layout_rooms
D:4:      layout_loops_corners, minmay_temple_entry_steel_oval, serial_shops,
          shop_statue, supply_closet_lemuel, uniq_edmund
D:5:      kennysheep_six_static_rooms, layout_loops_ring, st_stairs_3,
          uniq_grinder, uniq_sigmund
D:6:      layout_gridville, uniq_duvessa, uniq_pikel
Temple:   nicolae_temple_bog_church

Skill      XL: |  1  2  3  4  5  6  7 |
---------------+----------------------+-----
Stealth        | 7 8 |  8.2
Dodging        | 3 |  3.8
Fighting       | 4 |  4.5
Transmutations | 3 4 |  4.0
Short Blades   | |  2.0

Action                   |  1- 3 |  4- 6 |  7- 9 || total
-------------------------+-------+-------+-------++-------
Melee: Short sword       |    15 |   149 |    20 ||   184
       Tentacles         |     2 |    27 |     7 ||    36
       Constrict         |     2 |    30 |     3 ||    35
       Punch             |       |     2 |     1 ||     3
       Unarmed           |       |       |    17 ||    17
Throw: Dart              |       |     3 |       ||     3
 Cast: Spider Form       |       |       |     4 ||     4
Invok: Curse Item        |       |     2 |       ||     2
Evoke: Wand              |       |     5 |       ||     5
  Use: Scroll            |       |     1 |     3 ||     4
 Stab: Sleeping          |     6 |    22 |     3 ||    31
       Distracted        |       |     1 |       ||     1
Armor: Skin              |       |    11 |       ||    11
Dodge: Dodged            |     5 |    80 |    19 ||   104
Block: Other             |       |    23 |     6 ||    29
